 Dungeon Crawl Stone Soup version 0.24.1 (webtiles) character file.

Game seed: 4741912117133930709, levelgen mode: deterministic

1408 Descartes the Magician (level 8, -6/41 HPs)
             Began as a Deep Elf Air Elementalist on Mar 29, 2020.
             Mangled by Edmund
             ... wielding a +5 dire flail of protection
              (20 damage)
             ... on level 6 of the Dungeon.
             The game lasted 00:15:03 (6936 turns).

Descartes the Magician (Deep Elf Air Elementalist)  Turns: 6936, Time: 00:15:03

Health: -6/41      AC:  4    Str:  5    XL:     8   Next: 42%
Magic:  4/20       EV: 15    Int: 23    God:
Gold:   337        SH:  0    Dex: 15    Spells: 12/20 levels left

rFire    . . .     SeeInvis +   E - +0 lajatang
rCold    . . .     Gourm    .   (shield currently unavailable)
rNeg     . . .     Faith    .   s - +2 robe {MR+}
rPois    +         Spirit   .   (no helmet)
rElec    .         Reflect  .   (no cloak)
rCorr    .         Harm     .   (no gloves)
MR       +....     Rnd*Tele +   (no boots)
Stlth    +++.......             (no amulet)
HPRegen  0.00/turn              r - ring of see invisible
MPRegen  0.17/turn              (no ring)

@: no status effects
A: poison resistance, inhibited regeneration, teleportitis 1
a: no special abilities


You were on level 6 of the Dungeon.
You were not hungry.

You visited 1 branch of the dungeon, and saw 6 of its levels.

You collected 363 gold pieces.
You spent 26 gold pieces at shops.

Inventory:

Hand Weapons
 j - a +0 short sword
 E - a +0 lajatang (weapon)
 F - a cursed -1 short sword
Missiles
 e - 62 stones (quivered)
 k - 73 arrows
 l - 2 javelins
 o - 37 poisoned darts
 y - a boomerang of dispersal
 A - 2 boomerangs
 D - 7 silver boomerangs
Armour
 a - a +0 robe
 s - a +2 robe of magic resistance (worn)
 H - a +0 large shield
Magical Staves
 I - an uncursed staff of summoning
Jewellery
 r - a ring of see invisible (left hand)
 u - an uncursed ring of fire
Wands
 m - a wand of paralysis (11)
Scrolls
 b - 5 scrolls of remove curse {unknown}
 i - 4 scrolls of enchant armour {unknown}
 q - a scroll of fear {unknown}
 w - a scroll of teleportation {unknown}
 x - a scroll of magic mapping {unknown}
 B - a scroll of random uselessness {unknown}
Potions
 d - a potion of resistance
 f - 3 potions of brilliance
 g - a potion of agility
 n - 3 potions of curing
 p - a potion of might
 t - 2 potions of degeneration
 v - a potion of mutation
 C - a potion of haste {unknown}
 G - a potion of berserk rage
Comestibles
 c - 9 rations


   Skills:
 + Level 5.8 Dodging
 + Level 6.3 Stealth
 + Level 1.1 Shields
 + Level 6.7 Spellcasting
 + Level 4.9 Conjurations
 + Level 5.5 Air Magic


You had 12 spell levels left.
You knew the following spells:

 Your Spells              Type           Power        Failure   Level  Hunger
a - Shock                 Conj/Air       ####         1%          1    None
b - Airstrike             Air            ####......   8%          4    ###....
c - Static Discharge      Conj/Air       ####....     2%          3    None

Your spell library contained the following spells:

 Spells                   Type           Power        Failure   Level  Hunger
 Swiftness                Chrm/Air       ###.....     3%          2    None
 Lightning Bolt           Conj/Air       ####......   26%         5    #####..


Dungeon Overview and Level Annotations

Branches:
Dungeon (6/15)
 Temple: D:4-7

Altars:
Yredelemnul

Shops:
D:4 *   D:6 =

Annotations:
D:6 Edmund


Innate Abilities, Weirdness & Mutations

Your system is resistant to poisons. (rPois)
You do not regenerate when monsters are visible.
You are occasionally teleported next to monsters.


Message History

You feel much better.
Edmund hits you with a +5 dire flail of protection.
Casting: Airstrike (safe; 8% risk of failure)
Confirm with . or Enter, or press ? or * to list all spells.
Aiming: Airstrike (safe; 8% risk of failure)
Press: ? - help, Dir - move target cursor, f/p - Edmund
Aim: Edmund, wielding a +5 dire flail of protection and wearing a +0 ring mail (moderately wounded, berserk, fast, unusually strong)
The air twists around and strikes Edmund!
Edmund is moderately wounded.
Edmund hits you with a +5 dire flail of protection!!
Ouch! That really hurt!
Casting: Airstrike (safe; 8% risk of failure)
Confirm with . or Enter, or press ? or * to list all spells.
Aiming: Airstrike (safe; 8% risk of failure)
Press: ? - help, Dir - move target cursor, f/p - Edmund
Aim: Edmund, wielding a +5 dire flail of protection and wearing a +0 ring mail (moderately wounded, berserk, fast, unusually strong)
The air twists around and strikes Edmund.
Edmund is heavily wounded.
Edmund hits you with a +5 dire flail of protection!!
You die...

#.#.# .#
#...# #†#.#
###.###
#.### #.#.#
#..... #.#
#.#.####.#.#
#.#
#........<.#
#.#
###..###.###
#.# ##.# #.#
#.# #†#
#.#########
#.# #.#
#...@@....#
#.# #.#
#########.#
#.# ###.###
#.# #.#
######.....#
#.# #.#
.......#.#.#
#.# ###.#
...........#
#.# #...#
.......#.#.#
#.# #.###
####.......#
#.# #.#
#..##.#.#
#.# #.#


You could see Edmund (berserk).

Vanquished Creatures
  Sigmund (D:2)
  2 phantoms
  A bullfrog (D:5)
  5 scorpions
  5 killer bees (D:3)
  2 crimson imps (D:6)
  2 hounds
  An orc wizard (D:4)
  A bullfrog skeleton (D:6)
  An iguana (D:4)
  Terence (D:2)
  3 worker ants
  2 hound skeletons (D:5)
  A mummy (D:6)
  A howler monkey skeleton (D:4)
  4 gnolls (D:3)
  5 adders
  A shadow imp (D:6)
  2 oozes
  4 worms
  2 dart slugs
  A leopard gecko (D:3)
  13 orcs
  3 giant cockroaches
  4 goblins
  9 hobgoblins
  A ball python (D:6)
  4 bats
  7 frilled lizards
  6 kobolds
  4 orc zombies (D:6)
  5 rats
104 creatures vanquished.

Notes
Turn   | Place    | Note
-------+----------+-------------------------------------------
     0 | D:1      | Descartes the Deep Elf Air Elementalist began the quest for
                  | the Orb.
     0 | D:1      | Reached XP level 1. HP: 10/10 MP: 6/6
   340 | D:1      | Reached XP level 2. HP: 15/15 MP: 1/8
  1294 | D:2      | Noticed Sigmund
  1316 | D:2      | Killed Sigmund
  1316 | D:2      | Reached XP level 3. HP: 7/19 MP: 0/10
  1316 | D:2      | Reached XP level 4. HP: 9/24 MP: 0/12
  1316 | D:2      | Reached XP level 5. HP: 11/28 MP: 0/13
  1660 | D:2      | Noticed Terence
  1705 | D:2      | Killed Terence
  2849 | D:3      | Reached XP level 6. HP: 32/32 MP: 9/14
  2868 | D:3      | Learned a level 4 spell: Airstrike
  2872 | D:3      | Learned a level 3 spell: Static Discharge
  3067 | D:3      | Found a basalt altar of Yredelemnul.
  3107 | D:3      | Reached skill level 5 in Spellcasting
  3256 | D:3      | Reached XP level 7. HP: 36/36 MP: 10/16
  3616 | D:4      | Reached skill level 5 in Stealth
  3930 | D:4      | Found Iezir's Incredible Inventory.
  3937 | D:4      | Bought a scroll of identify for 26 gold pieces
  3942 | D:4      | Gained mutation: You do not regenerate when monsters are
                  | visible. [potion of mutation]
  3942 | D:4      | Gained mutation: You are occasionally teleported next to
                  | monsters. [potion of mutation]
  3942 | D:4      | Gained mutation: Your system is resistant to poisons.
                  | (rPois) [potion of mutation]
  4531 | D:4      | Reached skill level 5 in Dodging
  4885 | D:5      | Entered Level 5 of the Dungeon
  5045 | D:5      | Reached skill level 5 in Air Magic
  5440 | D:5      | Reached XP level 8. HP: 29/41 MP: 6/19
  6029 | D:6      | Found Peroa's Jewellery Shop.
  6480 | D:6      | Reached skill level 1 in Shields
  6922 | D:6      | Noticed Edmund
  6936 | D:6      | Mangled by Edmund

Levels and vault maps discovered:
D:1:      lemuel_arrival_muddy, layout_basic, minmay_stone_trees_medium
D:2:      layout_basic, uniq_sigmund, uniq_terence
D:3:      layout_basic, lemuel_doored_altar, minmay_misc_feat_tiny
D:4:      layout_loops_ring, first_ration, cheibrodos_sewer_entry_bend,
          chequers_serial_rivers_micro_a, nicolae_alphabet_shops, minivault_1
D:5:      layout_basic, minivault_19
D:6:      layout_loops_ring, temple_green, serial_shops, shop,
          minmay_mini_ossuary, uniq_edmund

Skill      XL: |  1  2  3  4  5  6  7  8 |
---------------+-------------------------+-----
Dodging        | 3 4 5 |  5.8
Stealth        | 3 4 5 6 |  6.3
Spellcasting   | 4 5 6 |  6.7
Conjurations   | 2 3 4 |  4.9
Air Magic      | 4 5 |  5.5
Shields        | 1 |  1.1

Action                   |  1- 3 |  4- 6 |  7- 9 || total
-------------------------+-------+-------+-------++-------
Melee: Unarmed           |     1 |       |       ||     1
 Cast: Shock             |    38 |    83 |   167 ||   288
       Airstrike         |       |     1 |     9 ||    10
  Use: Scroll            |       |       |     9 ||     9
       Potion            |       |       |     2 ||     2
  Eat: Chunk             |       |     4 |     8 ||    12
       Ration            |       |     1 |     1 ||     2
Armor: Robe              |       |     2 |     2 ||     4
Dodge: Dodged            |     7 |    18 |    27 ||    52
